 Dungeon Crawl Stone Soup version 0.29.1-2-gbd0b4ee654 (webtiles) character file.

Game seed: 8218113242679381658

653 Ihaveafatcat the Chopper (level 7, -8/57 (61) HPs)
             Began as a Hill Orc Fighter on Nov 29, 2022.
             Mangled by a wight
             ... wielding a +3 scimitar
              (11 damage)
             ... on level 4 of the Dungeon on Nov 30, 2022.
             The game lasted 00:08:14 (4601 turns).

Ihaveafatcat the Chopper (Hill Orc Fighter)         Turns: 4601, Time: 00:08:14

HP:   -8/57 (61)    AC:  9    Str: 20 (21) XL:     7   Next: 54%
MP:   7/7           EV:  9    Int:  6 (8)  God:
Gold: 173           SH:  4    Dex:  6 (8)  Spells: 6/6 levels left

rFire   . . .      SeeInvis .   a - +2 war axe {Nax}
rCold   . . .      Faith    .   c - +0 buckler
rNeg    . . .      Spirit   .   b - +0 scale mail
rPois   .          Reflect  .   (no helmet)
rElec   .          Harm     .   (no cloak)
rCorr   .          Rampage  .   (no gloves)
Will    .....                   (no boots)
Stlth   ..........              (no amulet)
HPRegen 0.19/turn               (no ring)
MPRegen 0.10/turn               (no ring)

@: drained
A: iridescent scales 1, clumsy 1, subdued magic 1
a: no special abilities


You were on level 4 of the Dungeon.
You visited 1 branch of the dungeon, and saw 4 of its levels.

You collected 173 gold pieces.

Inventory:

Hand Weapons
 a - a +2 war axe (weapon) {Nax}
Armour
 b - a +0 scale mail (worn)
 c - a +0 buckler (worn)
Jewellery
 o - a ring of fire
Wands
 p - a wand of flame (10)
Potions
 d - a potion of might
 f - 3 potions of curing


   Skills:
 + Level 5.6 Fighting
 + Level 7.2 Axes
 + Level 5.4 Armour
 + Level 1.1 Dodging
 + Level 0.1 Stealth
 + Level 4.0 Shields


You had 6 spell levels left.
You didn't know any spells.
Your spell library was empty.

Dungeon Overview and Level Annotations

Branches:
Dungeon (4/15)
 Temple: D:4-7

Altars:


Innate Abilities, Weirdness & Mutations

You are partially covered in iridescent scales. (AC +2)
You are clumsy. (Dex -2)
Your spells are a little easier to cast, but a little less powerful.


Message History

The adder closely misses you. The wight barely misses you.
You block the wight's attack.
You barely miss the adder.
The adder is severely wounded.
You barely miss the wight.
You feel sick. The adder bites you. You block the wight's attack.
The wight barely misses you. The adder misses you.
You closely miss the adder.
The adder is severely wounded.
You hit the wight but do no damage.
You feel sick. The wight hits you but does no damage.
The wight hits you with a +3 scimitar!
You feel drained. The adder bites you but does no damage.
You miss the adder.
The adder is severely wounded.
You barely miss the wight.
You feel sick. The adder bites you but does no damage.
The wight hits you from afar with a +0 spear.
You feel drained. You block the wight's attack. The adder bites you.
You are more poisoned.
The adder poisons you!
There are monsters nearby!
As you read the scroll of fear, it crumbles to dust.
You assume a fearsome visage.
The adder looks frightened!
The wight is unaffected. x5; You feel sick.
The wight hits you but does no damage. The wight hits you with a +3 scimitar.
You feel sick.
You feel sick.
You feel sick.
Cornered, the adder turns to fight!
The wight attacks as you move away! The wight hits you with a +3 scimitar!
* * * LOW HITPOINT WARNING * * *
You feel sick.
You feel sick. The wight hits you but does no damage.
You feel sick. The wight attacks as you move away!
The wight hits you with a +3 scimitar.
* * * LOW HITPOINT WARNING * * *
You feel drained.
You feel sick.
You are no longer poisoned.
The wight barely misses you. The wight attacks as you move away!
The wight hits you with a +3 scimitar!
You die...

?...(.....#
#.##.##
........S.#
#.##.##
.......z..+
#.##.## #z#
#####.##.## #z#
#+ #.....##.##
#.# #.
.#.######.##
#z####.##.#.#
#.##
#.zz.#....#.#
#...
######@#..###.#
####
#....#.#......#
#.........#####
#..##......#
#..##.####.#
#........#.#
#.....#....#
############


You could see 3 wights.

Vanquished Creatures
  Grinder (D:3)
  Sigmund (D:2)
  Ijyb (D:3)
  An iguana (D:4)
  Natasha (thrice) (D:2)
  4 gnolls (D:4)
  6 adders
  4 dart slugs
  2 worms
  4 orcs
  5 endoplasms
  4 giant cockroaches
  9 hobgoblins
  2 jackals (D:1)
  2 quokkas
  11 ball pythons
  4 bats
  2 frilled lizards
  4 goblins
  5 kobolds
  7 rats
  A spectral hobgoblin (D:1)
83 creatures vanquished.

Notes
Turn   | Place    | Note
-------+----------+-------------------------------------------
     0 | D:1      | Ihaveafatcat the Hill Orc Fighter began the quest for the
                  | Orb.
     0 | D:1      | Reached XP level 1. HP: 19/19 MP: 1/1
   273 | D:1      | Reached XP level 2. HP: 27/27 MP: 2/2
   334 | D:1      | Reached skill level 3 in Axes
   502 | D:1      | Reached XP level 3. HP: 33/33 MP: 3/3
   631 | D:1      | Found a faded altar of an unknown god.
  1095 | D:2      | Noticed Natasha
  1106 | D:2      | Killed Natasha
  1107 | D:2      | Reached XP level 4. HP: 6/40 MP: 4/4
  1111 | D:2      | Noticed Natasha
  1471 | D:2      | Killed Natasha
  1472 | D:2      | Reached skill level 4 in Axes
  1807 | D:2      | Reached XP level 5. HP: 39/47 MP: 5/5
  1870 | D:2      | Noticed Sigmund
  1887 | D:2      | Killed Sigmund
  1888 | D:2      | Reached skill level 5 in Axes
  1888 | D:2      | Reached XP level 6. HP: 17/55 MP: 6/6
  2378 | D:2      | Noticed Natasha
  2382 | D:2      | Killed Natasha
  2756 | D:3      | Noticed Ijyb
  2767 | D:3      | Killed Ijyb
  2768 | D:3      | Reached skill level 5 in Fighting
  2777 | D:3      | Reached skill level 5 in Armour
  2920 | D:3      | Noticed Grinder
  2930 | D:3      | Paralysed by Grinder for 3 turns
  2933 | D:3      | Killed Grinder
  2934 | D:3      | Reached skill level 6 in Axes
  2934 | D:3      | Reached skill level 1 in Dodging
  2934 | D:3      | Reached XP level 7. HP: 29/61 MP: 7/7
  3476 | D:3      | Gained mutation: You are partially covered in iridescent
                  | scales. (AC +2) [potion of mutation]
  3476 | D:3      | Gained mutation: You are clumsy. (Dex -2) [potion of
                  | mutation]
  3476 | D:3      | Gained mutation: Your spells are a little easier to cast,
                  | but a little less powerful. [potion of mutation]
  3755 | D:4      | Reached skill level 7 in Axes
  4599 | D:4      | HP: 2/57 [poisoned by an adder]
  4601 | D:4      | Mangled by a wight

Illustrated notes

Levels and vault maps discovered:
D:1:      dpeg_arrival_three_bigger_balls, layout_loops_ring,
          dreamdust_ecumenical_altar_drowned_temple
D:2:      layout_loops_ring, uniq_natasha, uniq_sigmund
D:3:      layout_rooms, uniq_grinder, uniq_ijyb
D:4:      layout_basic, hangedman_decor_opposing

Skill      XL: |  1  2  3  4  5  6  7 |
---------------+----------------------+-----
Axes           | 3 4 5 6 7 |  7.2
Fighting       | 4 5 |  5.6
Armour         | 4 5 |  5.4
Dodging        | 1 |  1.1
Shields        | 4 |  4.0
Stealth        | |  0.1

Action                   |  1- 3 |  4- 6 |  7- 9 || total
-------------------------+-------+-------+-------++-------
Melee: War axe           |    60 |    92 |    54 ||   206
  Use: Scroll            |       |       |     9 ||     9
       Potion            |       |       |     7 ||     7
Armor: Scale mail        |    34 |    40 |    22 ||    96
Dodge: Dodged            |    34 |    45 |    33 ||   112
Block: Buckler           |    14 |    15 |    18 ||    47
